 Dungeon Crawl Stone Soup version 0.31-a0-876-gfe8ebadbca (webtiles) character file.

Game seed: 14211062845927060394

483 LeprechaunX the Changeling (level 7, -1/69 HPs)
             Began as an Octopode Shapeshifter on Oct 14, 2023.
             Slain by a gnoll
             ... wielding a +0 halberd
             ... led by a gnoll sergeant
              (7 damage)
             ... on level 4 of the Dungeon.
             The game lasted 00:04:01 (3051 turns).

LeprechaunX the Changeling (Octopode Shapeshifter)  Turns: 3051, Time: 00:04:01

Health: -1/69      AC: 23    Str: 15    XL:     7   Next: 12%
Magic:  7/7        EV:  2    Int: 13    God:
Gold:   245        SH:  0    Dex: 11    Spells: 6/6 levels left

rFire   . . .        s - +4 dire flail (protect)
rCold   . . .        (shield currently unavailable)
rNeg    . . .        (helmet currently unavailable)
rPois   +            (no amulet)
rElec   .            n - ring of poison resistance
rCorr   .            (no ring)
SInv    .            (no ring)
Will    .....        (no ring)
Stlth   +            (no ring)
HPRegen 0.31/turn    (no ring)
MPRegen 0.10/turn    (no ring)
                     (no ring)

%: no passive effects
@: tree-form
A: stationary, stasis, torment immunity, boosted hp, almost no armour,
(amphibious), 8 rings, (camouflage 1), (gelatinous body 1), (nimble swimmer 1),
(tentacles)
a: no special abilities


You were on level 4 of the Dungeon.
You were a tree.
You visited 1 branch of the dungeon, and saw 4 of its levels.

You collected 245 gold pieces.

Inventory:

Hand Weapons
 a - a +0 sling
 s - a +4 dire flail of protection (weapon)
Jewellery
 n - a ring of poison resistance (left branch)
Talismans
 b - a beast talisman
 c - a flux talisman
 q - a blade talisman
Wands
 t - a wand of acid (4)
Scrolls
 f - 2 scrolls of enchant weapon {unknown}
 g - a scroll of brand weapon {unknown}
 h - a scroll of silence {unknown}
 j - a scroll of vulnerability {unknown}
 l - 3 scrolls of identify {unknown}
 m - a scroll of fear {unknown}
 o - a scroll of blinking {unknown}
 p - 3 scrolls of teleportation {unknown}
 r - 2 scrolls of fog {unknown}
Potions
 d - a potion of degeneration {unknown}
 i - 2 potions of curing {unknown}
 k - a potion of heal wounds {unknown}


   Skills:
 + Level 3.2 Fighting
 + Level 3.6 Dodging
 + Level 4.3 Unarmed Combat
 * Level 5.1 Shapeshifting


You had 6 spell levels left.
You didn't know any spells.
Your spell library contained the following spells:

 Spells                   Type           Power      Damage    Failure   Level
 Slow                     Hex            0%         N/A       30%         1
 Confusing Touch          Hex            0%         N/A       67%         3
 Sigil of Binding         Hex            0%         N/A       67%         3
 Vampiric Draining        Necr           0%         2d6       67%         3


Dungeon Overview and Level Annotations

Branches:
Dungeon (4/15)
 Temple: D:4-7

Altars:
Dithmenos
Qazlal
Wu Jian
Yredelemnul
The Shining One

Shops:
D:1 :

Annotations:
D:4 Pikel


Innate Abilities, Weirdness & Mutations

You are a tree.
Your roots penetrate the ground, keeping you stationary.
You cannot be teleported.
You are immune to unholy pain and torment.
Your maximum health is greatly increased.
You cannot wear most types of armour.
((You are amphibious.))
You can wear up to eight rings at the same time.
((Your skin changes colour to match your surroundings (Stealth+).))
((Your rubbery body absorbs attacks. (AC +1, EV +1)))
((You are camouflaged when in or above water. (Stealth+)))
((You have tentacles for arms and can constrict up to eight enemies at once.))


Message History

An orc comes into view. It is wielding a +0 hand axe.
The gnoll barely misses you.
The orc shouts!
You sock the gnoll!
Your weapon exudes an aura of protection.
You grab the gnoll.
The gnoll is almost dead.
You constrict the gnoll. The gnoll hits you with a +0 flail.
The gnoll completely misses you.
You hit the gnoll.
You kill the gnoll!
The gnoll closely misses you. The orc barely misses you.
The gnoll barely misses you. The gnoll misses you.
You thump the orc!
You kill the orc!
The gnoll hits you from afar with a +0 halberd.
You puncture the orc!
You kill the orc!
The gnoll attacks as it pursues you! The gnoll misses you.
The gnoll closely misses you.
The gnoll sergeant hits you from afar with a +0 spear!
You closely miss the gnoll. Your grab misses the gnoll.
The gnoll closely misses you.
The gnoll sergeant hits you from afar with a +0 spear!
The gnoll hits you with a +0 halberd!
* * * LOW HITPOINT WARNING * * *
Unknown command.
Your transformation has ended.
You turn into a tree.
Your roots penetrate the ground.
The gnoll sergeant hits you from afar with a +0 spear.
* * * LOW HITPOINT WARNING * * *
The gnoll hits you but does no damage.
You barely miss the gnoll.
The gnoll sergeant hits you but does no damage.
The gnoll barely misses you.
The gnoll sergeant hits you but does no damage.
You closely miss the gnoll. The gnoll hits you but does no damage.
The gnoll sergeant hits you but does no damage.
You barely miss the gnoll. The gnoll hits you with a +0 halberd!
You die...

............## #....#
............# .....#
............# #.....#
#...........##
.......
##...........##
##..o....
##...........##
#........
##.....###...##
#.......# ##..###
##...######).......
##.##
##....♣gg##.........
#..#
##....###ogo.........
##.#####....##
####.........
##..###.....##
#####.....
#..###....### .....
##..##....## ....
#..#.....## ....
#..[....## #.##.####


You could see a gnoll sergeant, 2 gnolls and 2 orcs.

Vanquished Creatures
  Sigmund (D:4)
  Edmund (D:4)
  A sleepcap (D:4)
  A gnoll (D:4)
  4 adders
  2 dart slugs (D:1)
  8 orcs
  11 endoplasms
  4 giant cockroaches
  8 goblins
  9 hobgoblins
  9 jackals
  9 kobolds
  4 quokkas
  6 ball pythons
  5 bats (D:1)
  3 frilled lizards
  4 rats
90 creatures vanquished.

Notes
Turn   | Place    | Note
-------+----------+-------------------------------------------
     0 | D:1      | LeprechaunX the Octopode Shapeshifter began the quest for
                  | the Orb.
     0 | D:1      | Reached XP level 1. HP: 13/13 MP: 1/1
   108 | D:1      | Reached XP level 2. HP: 11/18 MP: 2/2
   478 | D:1      | Reached XP level 3. HP: 23/23 MP: 3/3
   518 | D:1      | Found Joraj's Vocational Training.
  1003 | D:2      | Reached XP level 4. HP: 23/29 MP: 4/4
  1794 | D:3      | Found a glowing golden altar of the Shining One.
  1808 | D:3      | Found a shadowy altar of Dithmenos.
  1834 | D:3      | Found a stormy altar of Qazlal.
  1846 | D:3      | Found a basalt altar of Yredelemnul.
  2064 | D:3      | Reached skill level 4 in Shapeshifting
  2157 | D:3      | Reached XP level 5. HP: 34/34 MP: 5/5
  2545 | D:4      | Noticed Sigmund
  2592 | D:4      | Noticed Edmund
  2634 | D:4      | Noticed Pikel
  2634 | D:4      | Noticed a lemure
  2684 | D:4      | Killed Sigmund
  2685 | D:4      | Reached XP level 6. HP: 24/41 MP: 6/6
  2837 | D:4      | Killed Edmund
  2838 | D:4      | Reached skill level 5 in Shapeshifting
  2939 | D:4      | Found an ornate altar of the Wu Jian Council.
  2962 | D:4      | Reached XP level 7. HP: 46/46 MP: 7/7
  3051 | D:4      | Slain by a gnoll

Illustrated notes

Levels and vault maps discovered:
D:1:      roderic_crossed_star, layout_loops_ring, nicolae_shop_vocational
D:2:      layout_loops_corners
D:3:      layout_basic, grunt_temple_overflow_cloverleaf, minmay_misc_feat_roman
D:4:      layout_cave_pods, kennysheep_mini, uniq_pikel, uniq_sigmund,
          uniq_edmund

Skill      XL: |  1  2  3  4  5  6 |
---------------+-------------------+-----
Fighting       | 2 3 |  3.2
Shapeshifting  | 4 5 |  5.1
Dodging        | 3 |  3.6
Unarmed Combat | 4 |  4.3

Action                     |  1- 3 |  4- 6 |  7- 9 || total
---------------------------+-------+-------+-------++-------
  Melee: Unarmed           |    72 |    85 |       ||   157
         Constrict         |    22 |    23 |     3 ||    48
         Tentacles         |    18 |    16 |     2 ||    36
         Punch             |     2 |     6 |     1 ||     9
         Dire flail        |       |     2 |    15 ||    17
   Fire: Sling             |       |     5 |       ||     5
    Use: Potion            |       |     1 |     1 ||     2
   Stab: Sleeping          |     7 |     8 |       ||    15
         Distracted        |       |     2 |       ||     2
 Armour: Skin              |    21 |    34 |    14 ||    69
  Dodge: Dodged            |    48 |    33 |    12 ||    93

Table legend: (Time is in decaauts)
 A = Elapsed time spent in this place.
 B = Non-inter-level travel time spent in this place.
 C = Inter-level travel time spent in this place.
 D = Time resting spent in this place.
 E = Time spent auto-exploring this place.
 F = Levels seen in this place.
 G = Mean time per level.
                   A        B        C        D        E       F      G
               +--------+--------+--------+--------+--------+-----+--------+
         Total |   3045 |   2853 |    192 |     52 |   2283 |   4 |  761.2 |
       Dungeon |   3045 |   2853 |    192 |     52 |   2283 |   4 |  761.2 |
               +--------+--------+--------+--------+--------+-----+--------+

Top non-repeatable levels by time:
     D:2: 983 daAuts
     D:3: 900 daAuts
     D:1: 700 daAuts
     D:4: 461 daAuts
